 Dungeon Crawl Stone Soup version 0.30-a0-125-g51eefa89be (webtiles) character file.

Game seed: 14839534585271722749

54 GandalfHyperdrive the Digger (level 3, -2/19 HPs)
             Began as a Gargoyle Earth Elementalist on Sept 18, 2022.
             Slain by a gnoll
             ... wielding a +0 club
              (7 damage)
             ... on level 4 of the Dungeon.
             The game lasted 00:09:41 (3256 turns).

GandalfHyperdrive the Digger (GrEE)                 Turns: 3256, Time: 00:09:41

Health: -2/19      AC:  8    Str: 11    XL:     3   Next: 91%
Magic:  5/7        EV: 11    Int: 17    God:
Gold:   142        SH:  0    Dex: 10    Spells: 4/8 levels left

rFire   . . .      SeeInvis .    m - +0 morningstar
rCold   + . .      Faith    .    (no shield)
rNeg    + . .      Spirit   .    a - +0 robe
rPois   ∞          Reflect  .    y - +0 helmet
rElec   +          Harm     .    C - +0 cloak
rCorr   .          Rampage  .    k - +0 pair of gloves
Will    .....                    (no boots)
Stlth   ++........               (no amulet)
HPRegen 0.06/turn                h - ring of protection from cold
MPRegen 0.10/turn                (no ring)

@: no status effects
A: sickness immunity, AC +3, negative energy resistance 1, electricity
resistance, torment resistance 1, petrification resistance
a: no special abilities


You were on level 4 of the Dungeon.
You visited 1 branch of the dungeon, and saw 4 of its levels.

You collected 142 gold pieces.

Inventory:

Hand Weapons
 i - a +0 club
 m - a +0 morningstar (weapon)
Missiles
 l - 17 poisoned darts
 s - 35 stones
Armour
 a - a +0 robe (worn)
 k - a +0 pair of gloves (worn)
 o - a +0 buckler
 y - a +0 helmet (worn)
 C - a +0 cloak (worn)
Jewellery
 h - a ring of protection from cold (left hand)
 r - a ring of willpower
Scrolls
 e - a scroll of fear {unknown}
 g - a scroll of blinking {unknown}
 j - 2 scrolls of identify {unknown}
 p - a scroll of enchant armour {unknown}
 q - a scroll of summoning {unknown}
 v - a scroll of magic mapping {unknown}
 w - a scroll of fog {unknown}
 x - a scroll of noise {unknown}
 B - a scroll of amnesia {unknown}
 D - a scroll of brand weapon {unknown}
Potions
 b - a potion of magic
 c - a potion of resistance {unknown}
 d - 5 potions of curing {unknown}
 f - a potion of ambrosia {unknown}
 n - 2 potions of degeneration {unknown}
 t - a potion of lignification {unknown}
 u - a potion of brilliance {unknown}
 z - a potion of mutation {unknown}
 A - a potion of berserk rage {unknown}


   Skills:
 - Level 1.5 Dodging
 - Level 2.1 Stealth
 + Level 3.0 Spellcasting
 - Level 0.7 Transmutations
 + Level 4.7 Earth Magic


You had 4 spell levels left.
You knew the following spells:

 Your Spells              Type           Power      Damage    Failure   Level
a - Sandblast             Erth           36%        2d10      2%          1
b - Stone Arrow           Conj/Erth      20%        3d8       21%         3

Your spell library contained the following spells:

 Spells                   Type           Power      Damage    Failure   Level
 Passwall                 Tmut/Erth      9%         N/A       9%          2
 Blink                    Tloc           4%         N/A       26%         2
 Lesser Beckoning         Tloc           2%         N/A       45%         3
 Petrify                  Tmut/Erth      11%        N/A       50%         4
 Airstrike                Air            1%         2d(1-17)  86%         4
 Dispel Undead            Necr           2%         3d7       86%         4
 Manifold Assault         Tloc           2%         N/A       86%         4
 Summon Lightning Spire   Summ/Air       2%         N/A       86%         4
 Lightning Bolt           Conj/Air       1%         1d12      99%         5
 Death Channel            Necr           1%         N/A       100%        6
 Cigotuvi's Dreadful Rot  Necr/Pois/Air  Unusable   N/A       N/A         2

Dungeon Overview and Level Annotations

Branches:
Dungeon (4/15)
 Temple: D:4-7

Altars:


Innate Abilities, Weirdness & Mutations

You are immune to sickness and miasma.
Your stone body is resilient. (AC +3)
You are immune to poison.
You resist negative energy. (rN+)
You are resistant to electric shocks. (rElec)
You are resistant to unholy torment.
You are immune to petrification.


Message History

You see here a quokka corpse.
s - 35 stones (gained 9)
You see here a quokka corpse.
You see here a bat corpse.
Done exploring.
Done exploring.
Done exploring.
Done exploring.
(D) Dungeon
Where to? (Enter - D:3, ? - help)
What level of the Dungeon? (default 1, ? - help)
There is a stone staircase leading down here.
You climb downwards.
There is a stone staircase leading up here.
There are monsters nearby!
Casting: Sandblast (safe; 2% risk of failure)
Confirm with . or Enter, or press ? or * to list all spells.
Aiming: Sandblast (safe; 2% risk of failure)
Press: ? - help, Shift-Dir - straight line, f - gnoll
Aim: a gnoll, wielding a +0 spear (84% to hit)
The blast of sand hits the gnoll!
The gnoll is almost dead.
The gnoll barely misses you. The gnoll hits you but does no damage.
A gnoll comes into view. It is wielding a +0 club.
Casting: Sandblast (safe; 2% risk of failure)
Confirm with . or Enter, or press ? or * to list all spells.
Aiming: Sandblast (safe; 2% risk of failure)
Press: ? - help, Shift-Dir - straight line, f/p - gnoll
Aim: a gnoll, wielding a +0 spear (almost dead, 84% to hit)
The blast of sand hits the gnoll!
You kill the gnoll!
The gnoll hits you from afar with a +0 spear.
The gnoll hits you with a +0 club! The gnoll barely misses you.
The gnoll hits you but does no damage.
Your Spellcasting skill increases to level 3!
You can't go down here!
The gnoll hits you from afar with a +0 spear.
* * * LOW HITPOINT WARNING * * *
The gnoll hits you with a +0 club!
You die...

## #. #. ##
#.##g##.#
#...g)..#.###
#@.......
#####.##.


You could see 2 gnolls.

Vanquished Creatures
  An adder (D:2)
  A gnoll (D:4)
  2 dart slugs
  6 ball pythons
  2 endoplasms
  6 hobgoblins
  2 quokkas
  4 bats
  A frilled lizard (D:1)
  4 goblins
  A kobold (D:2)
30 creatures vanquished.

Vanquished Creatures (others)
  A fungus (D:2)
  6 plants
7 creatures vanquished.

Grand Total: 37 creatures vanquished

Notes
Turn   | Place    | Note
-------+----------+-------------------------------------------
     0 | D:1      | GandalfHyperdrive the Gargoyle Earth Elementalist began the
                  | quest for the Orb.
     0 | D:1      | Reached XP level 1. HP: 10/10 MP: 3/3
   836 | D:1      | Reached skill level 4 in Earth Magic
   836 | D:1      | Reached XP level 2. HP: 15/15 MP: 1/5
  1366 | D:2      | Found a faded altar of an unknown god.
  1612 | D:2      | Reached XP level 3. HP: 19/19 MP: 2/7
  2286 | D:3      | Learned a level 3 spell: Stone Arrow
  3256 | D:4      | Slain by a gnoll

Illustrated notes

Levels and vault maps discovered:
D:1:      eino_arrival_water_cross, layout_basic, minivault_4,
          nrook_loot_triangle, minmay_tromino_v4_c
D:2:      layout_loops_ring, shapermc_ecumenical_altar_mp_ritualfount,
          bh_walls_and_bars
D:3:      layout_loops_corners
D:4:      layout_basic, riverfiend_overflow_shadow_ancestor,
          minmay_temple_entry_drinking_statues, serial_corexii_hall,
          corexii_hall_statues_i, corexii_hall_statues_deadend, uniq_menkaure

Skill      XL: |  1  2  3 |
---------------+----------+-----
Earth Magic    | 4 |  4.7
Spellcasting   | 3 |  3.0
Dodging        | |  1.5
Stealth        | |  2.1
Transmutations | |  0.7

Action                   || total
-------------------------++-------
Melee: Unarmed           ||    10
       Punch             ||     2
       Morningstar       ||    12
 Cast: Sandblast         ||    42
Armor: Robe              ||     9
Dodge: Dodged            ||    11

Table legend: (Time is in decaauts)
 A = Elapsed time spent in this place.
 B = Non-inter-level travel time spent in this place.
 C = Inter-level travel time spent in this place.
 D = Time resting spent in this place.
 E = Time spent auto-exploring this place.
 F = Levels seen in this place.
 G = Mean time per level.
                   A        B        C        D        E       F      G
               +--------+--------+--------+--------+--------+-----+--------+
         Total |   3281 |   3192 |     89 |    549 |   1836 |   4 |  820.2 |
       Dungeon |   3281 |   3192 |     89 |    549 |   1836 |   4 |  820.2 |
               +--------+--------+--------+--------+--------+-----+--------+

Top non-repeatable levels by time:
     D:1: 1190 daAuts
     D:2: 1100 daAuts
     D:3: 986 daAuts
     D:4: 3 daAuts
